 Dungeon Crawl Stone Soup version 0.12.2-18-gb8c16a5 (webtiles) character file.

66 Rycklaryybbe the Ruffian (level 3, 0/35 HPs)
             Began as a Troll Chaos Knight on Aug 17, 2013.
             Was a Plaything of Xom.
             Succumbed to a kobold's poison
             ... on Level 2 of the Dungeon.
             The game lasted 00:01:59 (649 turns).

Rycklaryybbe the Ruffian (Troll Chaos Knight)        Turns: 649, Time: 00:01:59

HP   0/35        AC  9     Str 20      XL: 3   Next: 17%
MP   2/2         EV 10     Int  8      God: Xom
Gold 31          SH  0     Dex 10      Spells:  0 memorised,  2 levels left

Res.Fire  : . . .   See Invis. : .     - Unarmed
Res.Cold  : . . .   Warding    : .   b - +2 robe
Life Prot.: . . .   Conserve   : .   (shield restricted)
Res.Poison: .       Res.Corr.  : .   (helmet restricted)
Res.Elec. : .       Clarity    : .   n - +1 dwarf cloak
Sust.Abil.: . .     Spirit.Shd : .   (gloves unavailable)
Res.Mut.  : .       Stasis     : .   (boots unavailable)
Res.Rott. : .       Ctrl.Telep.: .   (no amulet)
Gourmand  : +       Flight     : .   (no ring)
                                     (no ring)

@: very poisoned, slowed, very slow, not resistant to hostile enchantments,
unstealthy
A: unfitting armour, claws 3, fast metabolism 3, gourmand, regeneration 2,
saprovore 2, tough skin 2, AC +1
a: Renounce Religion


You were on level 2 of the Dungeon.
You worshipped Xom.
You were a toy of Xom.
You were not hungry.

You visited 1 branch of the dungeon, and saw 2 of its levels.

You collected 11 gold pieces.

Inventory:

Missiles
 d - 32 stones (quivered)
 q - 20 darts
Armour
 b - a +2 robe (worn)
 n - a +1 dwarven cloak (worn)
Comestibles
 a - 2 meat rations
 p - a pear
 r - a bread ration
 s - a choko
Scrolls
 e - a scroll of enchant armour {unknown}
 g - a scroll of blinking {unknown}
 h - a scroll of amnesia {unknown}
 i - a scroll of fear {unknown}
 l - 2 scrolls of remove curse {unknown}
 m - a scroll of identify {unknown}
 o - a scroll of random uselessness {unknown}
Potions
 c - a potion of invisibility {unknown}
 f - a potion of curing {unknown}
 j - a potion of slowing


   Skills:
 - Level 2.4 Fighting
 - Level 1.9 Dodging
 + Level 4.3 Unarmed Combat


You had 2 spell levels left.
You didn't know any spells.

Dungeon Overview and Level Annotations

Branches:
Dungeon (2/27)

Altars:


Innate Abilities, Weirdness & Mutations

You are too large for most types of armour.
You have claws for hands.
Your metabolism is lightning-fast.
You like to eat raw meat.
You heal very quickly.
You can eat rotten meat.
You are covered in fur (AC +1).
You have very tough skin (AC +2).


Message History

You start resting.
* * * LOW HITPOINT WARNING * * *
You feel very sick.
You start resting.
* * * LOW HITPOINT WARNING * * *
You feel very sick.
You start resting.
* * * LOW HITPOINT WARNING * * *
You feel very sick.
You start resting.
* * * LOW HITPOINT WARNING * * *
You feel sick.
Drink which item? (? for menu, Esc to quit)
You feel yourself slow down.
It was a potion of slowing.
* * * LOW HITPOINT WARNING * * *
You feel very sick.
Drink which item? (? for menu, Esc to quit)
You feel refreshed.
It was a potion of restore abilities.
You die...
Xom cackles wildly!

### #.# #.# #.#
##+##### #.#
######......#
##.####....'......#
#.......####.%....+
#####..######
#))....# .....).#
#@.....# ######.#
##+##### #.# #.#
#.# ######'###
#........#
#........#
.........#


There were no monsters in sight!

Vanquished Creatures
  An adder (D:2)
  2 giant cockroaches (D:1)
  4 hobgoblins
  5 kobolds
  2 bats (D:1)
  4 giant newts (D:1)
  6 goblins (D:1)
  3 rats (D:1)
27 creatures vanquished.

Notes
Turn   | Place    | Note
--------------------------------------------------------------
     0 | D:1      | Rycklaryybbe, the Troll Chaos Knight, began the quest for the Orb.
     0 | D:1      | Reached XP level 1. HP: 20/20 MP: 1/1
   178 | D:1      | Reached XP level 2. HP: 28/28 MP: 1/1
   296 | D:1      | XOM: divination: detect items
   325 | D:1      | XOM: confuse monster(s)
   352 | D:1      | Reached skill level 4 in Unarmed Combat
   372 | D:1      | XOM: scenery: 1 doors close
   446 | D:1      | XOM: miscast effect
   633 | D:2      | Reached XP level 3. HP: 28/35 MP: 2/2
   648 | D:2      | HP: 1/35 [poisoned by a kobold]
   649 | D:2      | Succumbed to a kobold's poison

Action                   || total
-------------------------++-------
Melee: Unarmed           ||    67
  Use: Potion            ||     2
 Stab: Confused          ||     1
